 Dungeon Crawl Stone Soup version 0.27.0-65-ge2af304b15 (webtiles) character file.

Game seed: 17442236394899929912

15072 horus123 the Basher (level 12, -8/106 HPs)
             Began as a Hill Orc Fighter on Aug 18, 2021.
             Was an Elder of Makhleb.
             Mangled by a catoblepas (19 damage)
             ... on level 10 of the Dungeon.
             The game lasted 00:29:45 (10329 turns).

horus123 the Basher (Hill Orc Fighter)             Turns: 10329, Time: 00:29:46

Health: -8/106     AC: 23    Str: 24    XL:     12   Next: 23%
Magic:  0/18       EV:  6    Int: 10    God:    Makhleb [****..]
Gold:   495        SH: 11    Dex: 10    Spells: 11/11 levels left

rFire    + . .     SeeInvis .   s - +11 mace of Xetwut {flame, *Slow +Blink rElec rPois}
rCold    . . .     Faith    .   c - +0 kite shield
rNeg     . . .     Spirit   +   k - +2 plate armour {rPois}
rPois    +         Reflect  .   J - +2 helmet of Poor Excuses {rElec rF+ Int+2}
rElec    +         Harm     .   p - +1 cloak
rCorr    .         Rampage  .   r - +0 pair of gloves
Will     .....                  (no boots)
Stlth    ..........             l - amulet of guardian spirit
HPRegen  0.27/turn              C - ring of flight
MPRegen  0.16/turn              (no ring)

@: about to teleport, flying
A: no striking features
a: Renounce Religion, Evoke Blink, Minor Destruction, Lesser Servant of Makhleb,
Major Destruction


You were on level 10 of the Dungeon.
You worshipped Makhleb.
Makhleb was greatly pleased with you.
You visited 2 branches of the dungeon, and saw 11 of its levels.
You visited the Abyss 1 time.
You also visited: Sewer.

You collected 679 gold pieces.
You spent 184 gold pieces at shops.

Inventory:

Hand Weapons
 a - a +1 war axe
 q - a +0 broad axe
 s - the +11 mace of Xetwut (weapon) {flame, *Slow +Blink rElec rPois}
   (You found it on level 4 of the Dungeon)

   It burns those it strikes, dealing additional fire damage.
   rElec:     It insulates you from electricity.
   rPois:     It protects you from poison.
   +Blink:    It lets you blink.
   *Slow:     It may slow you when you take damage.
 O - the +4 hand axe of Mogiuha {holy, rPois Str+6}
   (You found it on level 9 of the Dungeon)

   It has been blessed by the Shining One to cause great damage to the undead
   and demons.
   Str:       It affects your strength (+6).
   rPois:     It protects you from poison.
Armour
 c - a +0 kite shield (worn)
 k - a +2 plate armour of poison resistance (worn)
 p - a +1 cloak (worn)
 r - a +0 pair of gloves (worn)
 w - a +0 helmet
 J - the +2 helmet of Poor Excuses (worn) {rElec rF+ Int+2}
   (You acquired it on level 1 of the Abyss)

   Int:       It affects your intelligence (+2).
   rF:        It protects you from fire.
   rElec:     It insulates you from electricity.
 L - +0 acid dragon scales
Jewellery
 l - an amulet of guardian spirit (around neck)
 C - a ring of flight (left hand)
 E - a ring of resist corrosion
 N - a ring of fire
Wands
 e - a wand of polymorph (6)
 m - a wand of iceblast (11)
 v - a wand of paralysis (6)
 x - a wand of acid (5)
Scrolls
 j - 8 scrolls of teleportation
 n - 2 scrolls of amnesia
 t - 2 scrolls of fear
 u - a scroll of fog
 y - 2 scrolls of enchant weapon
 F - a scroll of magic mapping
 H - a scroll of holy word
 M - 2 scrolls of identify
Potions
 b - a potion of invisibility {unknown}
 d - a potion of might
 f - 3 potions of resistance
 g - 5 potions of flight
 h - 4 potions of haste
 i - 4 potions of curing
 o - 3 potions of ambrosia {unknown}
 z - a potion of brilliance {unknown}
 A - a potion of cancellation {unknown}
 B - 2 potions of attraction {unknown}
 D - 2 potions of degeneration {unknown}
 G - 3 potions of mutation {unknown}
 I - 2 potions of berserk rage {unknown}
 K - a potion of magic {unknown}


   Skills:
 * Level 10.2 Fighting
 + Level 7.2(12.1) Axes
 * Level 12.8(13.3) Maces & Flails
 + Level 8.7 Armour
 + Level 1.2 Dodging
 + Level 0.9 Stealth
 + Level 8.0 Shields
 * Level 8.2 Invocations
 + Level 1.6 Evocations


You had 11 spell levels left.
You didn't know any spells.
Your spell library contained the following spells:

 Spells                   Type           Power      Damage    Failure   Level
 Magic Dart               Conj           0%         1d3       100%        1
 Blink                    Tloc           N/A        N/A       100%        2
 Searing Ray              Conj           0%         3d3       100%        2
 Spider Form              Tmut/Pois      0%         N/A       100%        3
 Cause Fear               Hex            0%         N/A       100%        4
 Fulminant Prism          Conj/Hex       0%         3d6       100%        4
 Olgreb's Toxic Radiance  Pois           0%         N/A       100%        4
 Manifold Assault         Tloc           0%         N/A       100%        5
 Summon Forest            Summ/Tloc      0%         N/A       100%        5
 Dragon Form              Tmut           0%         N/A       100%        7
 Dragon's Call            Summ           0%         N/A       100%        9


Dungeon Overview and Level Annotations

Branches:
Dungeon (10/15)            Temple (1/1) D:5            Lair (0/6) D:10
  Sewer (visited)
    Orc: D:9-12

Altars:
Ashenzari
Cheibriados
Dithmenos
Elyvilon
Fedhas
Gozag
Hepliaklqana
Kikubaaqudgha
Makhleb
Nemelex Xobeh
Okawaru
Qazlal
Ru
Sif Muna
Trog
Uskayaw
Vehumet
Wu Jian
Xom
Yredelemnul
Zin
The Shining One

Shops:
D:6 *[


Message History

The blast of calcifying dust hits you.
* * * LOW HITPOINT WARNING * * *
You are engulfed in calcifying dust.
The catoblepas breathes a plume of calcifying dust at you.
The blast of calcifying dust hits you but does no damage.
You turn to flesh and can move again.
You hit the catoblepas. You burn the catoblepas.
The catoblepas is moderately wounded.
You are engulfed in calcifying dust.
You are slowing down.
The catoblepas gores you but does no damage.
You sock the catoblepas! You burn the catoblepas.
The catoblepas is heavily wounded.
You are engulfed in calcifying dust.
Your limbs have turned to stone.
The catoblepas gores you but does no damage.
The catoblepas gores you.
* * * LOW HITPOINT WARNING * * *
You have turned to stone.
The catoblepas gores you but does no damage.
The catoblepas gores you!
* * * LOW HITPOINT WARNING * * *
The catoblepas gores you but does no damage.
The catoblepas gores you!!
* * * LOW HITPOINT WARNING * * *
The catoblepas gores you.
* * * LOW HITPOINT WARNING * * *
The catoblepas gores you but does no damage.
The catoblepas gores you!
* * * LOW HITPOINT WARNING * * *
The catoblepas gores you.
* * * LOW HITPOINT WARNING * * *
The catoblepas gores you!
* * * LOW HITPOINT WARNING * * *
You turn to flesh and can move again.
Okay, then.
You feel better.
The catoblepas gores you but does no damage.
As you read the scroll of teleportation, it crumbles to dust.
You feel strangely unstable. The catoblepas gores you!!
You die...

))................
..................
....)............####
.........>..........# .
....................# ....
...............#....#.....
....................#.....
...#.......##.##....#.....
##≈#............@Y........
≈≈≈≈≈##.................#
≈≈≈≈≈≈#.....#'#(........#
≈≈≈≈≈≈≈....≈#.≈.........#
≈≈≈≈≈≈≈≈≈≈≈≈≈≈≈≈≈≈......#
.≈#≈≈≈≈≈≈≈≈≈≈≈≈≈≈≈≈≈≈≈≈...
..##.≈≈≈≈≈≈≈≈≈≈≈≈≈≈≈≈≈≈≈≈.
..##.≈≈≈≈≈≈≈≈≈≈≈≈.≈≈≈≈≈≈§≈
#.....≈≈≈≈≈≈≈.#...≈≈≈≈≈≈≈≈


You could see a catoblepas.

Vanquished Creatures
  Erolcha (D:9)
  A hydra (D:10)
  2 centaur warriors
  3 death yaks (D:10)
  2 two-headed ogres (D:9)
  A shadow demon (Abyss:1)
  A cyclops (D:10)
  An eye of devastation (shapeshifter) (D:9)
  A large abomination (Abyss:1)
  A freezing wraith (D:9)
  A troll (D:10)
  8 yaks (D:9)
  2 wyverns
  A steam dragon (D:9)
  2 acid dragons
  A water moccasin (D:7)
  A sky beast (D:5)
  7 orc warriors
  2 hornet zombies
  2 ice beasts
  A black bear (D:6)
  A necrophage (D:6)
  3 ogres
  5 centaurs
  A phantom (D:6)
  4 kobold brigands
  5 bullfrogs
  3 scorpions
  A wyvern skeleton (D:7)
  5 killer bees (D:8)
  18 wights
  3 electric eels (D:10)
  5 howler monkeys
  2 centaur zombies
  A quasit (Abyss:1)
  A bullfrog skeleton (D:5)
  6 hounds
  3 orc priests
  4 jellies
  Crazy Yiuf (D:3)
  A scorpion zombie (D:5)
  Jessica (D:2)
  Natasha (thrice) (D:2)
  Terence (D:2)
  An iguana (D:5)
  10 orc wizards
  Ijyb (D:5)
  A hell rat (D:10)
  4 gnolls
  A howler monkey skeleton (D:4)
  A howler monkey zombie (D:8)
  12 adders
  7 river rats
  A shadow imp (D:7)
  4 worms
  3 dart slugs
  41 orcs
  12 bats
  12 endoplasms
  4 giant cockroaches
  7 goblins
  7 hobgoblins
  12 jackals
  3 quokkas
  7 ball pythons
  8 frilled lizards
  26 kobolds
  13 rats
318 creatures vanquished.

Vanquished Creatures (collateral kills)
  A worldbinder (Abyss:1)
  2 kobolds (D:9)
3 creatures vanquished.

Vanquished Creatures (others)
  A bullfrog (D:9)
  8 plants
9 creatures vanquished.

Grand Total: 330 creatures vanquished

Notes
Turn   | Place    | Note
-------+----------+-------------------------------------------
     0 | D:1      | horus123 the Hill Orc Fighter began the quest for the Orb.
     0 | D:1      | Reached XP level 1. HP: 19/19 MP: 1/1
   110 | D:1      | Reached XP level 2. HP: 27/27 MP: 2/2
   386 | D:1      | Reached XP level 3. HP: 33/33 MP: 3/3
   389 | D:1      | Got Masasux's Collected Works on Toxic Displacement
  1349 | D:2      | Noticed Natasha
  1369 | D:2      | Killed Natasha
  1370 | D:2      | Reached XP level 4. HP: 23/40 MP: 4/4
  1630 | D:2      | Noticed Natasha
  1642 | D:2      | HP: 2/60 [hobgoblin (4)]
  1643 | D:2      | Killed Natasha
  1644 | D:2      | Reached XP level 5. HP: 3/47 MP: 5/5
  1948 | D:2      | Found a faded altar of an unknown god.
  2064 | D:2      | Noticed Natasha
  2069 | D:2      | Killed Natasha
  2225 | D:2      | Noticed Terence
  2238 | D:2      | Killed Terence
  2352 | D:2      | Noticed Jessica
  2362 | D:2      | Killed Jessica
  2363 | D:2      | Reached skill level 5 in Axes
  2778 | D:3      | Reached XP level 6. HP: 47/55 MP: 6/6
  3063 | D:3      | Reached skill level 5 in Fighting
  3276 | D:3      | Found a runed translucent door.
  3277 | D:3      | Noticed Crazy Yiuf
  3321 | D:3      | Killed Crazy Yiuf
  3533 | D:4      | Reached XP level 7. HP: 61/61 MP: 7/7
  3699 | D:4      | Reached skill level 5 in Armour
  3712 | D:4      | Identified the +11 mace of Xetwut {flame, *Slow +Blink
                  | rElec rPois}
  4017 | D:5      | Entered Level 5 of the Dungeon
  4212 | D:5      | Reached skill level 1 in Maces & Flails
  4325 | D:5      | Reached XP level 8. HP: 66/70 MP: 6/8
  4370 | D:5      | Noticed Ijyb
  4372 | D:5      | Paralysed by Ijyb for 2 turns
  4377 | D:5      | Killed Ijyb
  4378 | D:5      | Reached skill level 5 in Shields
  4380 | D:5      | Reached skill level 2 in Maces & Flails
  4494 | D:5      | Reached skill level 1 in Dodging
  4611 | D:5      | Reached skill level 3 in Maces & Flails
  4844 | D:5      | Found a staircase to the Ecumenical Temple.
  4865 | Temple   | Entered the Ecumenical Temple
  4909 | Temple   | Became a worshipper of Makhleb the Destroyer
  5156 | D:6      | Reached skill level 1 in Invocations
  5161 | D:6      | Reached skill level 4 in Maces & Flails
  5486 | D:6      | Found a glowing drain.
  5495 | Sewer    | Entered a sewer
  5518 | Sewer    | Reached skill level 5 in Maces & Flails
  5723 | Sewer    | Reached * piety under Makhleb
  5965 | D:6      | Reached XP level 9. HP: 78/78 MP: 10/10
  6011 | D:6      | Found Juno's Armour Shop.
  6038 | D:6      | Found Viudd's CLEARANCE SALE! EVERYTHING MUST GO!.
  6046 | D:6      | Reached skill level 6 in Maces & Flails
  6076 | D:6      | Bought a book of the Dragon for 184 gold pieces
  6118 | D:6      | Found a glowing silver altar of Zin.
  6967 | D:7      | Reached ** piety under Makhleb
  6988 | D:7      | Reached skill level 7 in Maces & Flails
  7412 | D:7      | Reached skill level 8 in Maces & Flails
  7660 | D:8      | Reached XP level 10. HP: 75/86 MP: 10/13
  7694 | D:8      | Reached skill level 1 in Evocations
  7712 | D:8      | Reached skill level 9 in Maces & Flails
  7998 | D:8      | Noticed a centaur warrior
  7998 | D:8      | Noticed a two-headed ogre
  8291 | D:8      | Reached *** piety under Makhleb
  8292 | D:8      | Reached skill level 5 in Invocations
  8535 | D:9      | Noticed Erolcha
  8584 | D:9      | HP: 3/88 [something (26)]
  8585 | D:9      | Cast into level 1 of the Abyss (Erolcha)
  8586 | Abyss:1  | Identified a scroll of acquirement
  8586 | Abyss:1  | Acquired the +2 helmet of Poor Excuses {rElec rF+ Int+2}
  8644 | Abyss:1  | Noticed a worldbinder
  8655 | Abyss:1  | Killed a worldbinder
  8707 | Abyss:1  | Noticed a large abomination
  8711 | Abyss:1  | Noticed a shadow demon
  8714 | Abyss:1  | Noticed a large abomination
  8715 | Abyss:1  | Killed a large abomination
  8723 | Abyss:1  | Noticed a sun demon
  8723 | Abyss:1  | Noticed a smoke demon
  8724 | Abyss:1  | Killed a shadow demon
  8725 | Abyss:1  | Reached skill level 10 in Maces & Flails
  8819 | D:9      | Escaped the Abyss
  8831 | D:9      | Killed Erolcha
  8850 | D:9      | Reached XP level 11. HP: 54/95 MP: 10/15
  9340 | D:9      | Reached skill level 11 in Maces & Flails
  9411 | D:9      | Identified the +4 hand axe of Mogiuha {holy, rPois Str+6}
  9451 | D:9      | Noticed a centaur warrior
  9451 | D:9      | Noticed a two-headed ogre
  9458 | D:9      | Killed a two-headed ogre
  9460 | D:9      | Noticed a two-headed ogre
  9462 | D:9      | Killed a centaur warrior
  9468 | D:9      | Killed a two-headed ogre
  9500 | D:9      | Reached skill level 12 in Maces & Flails
  9741 | D:10     | Entered Level 10 of the Dungeon
  9793 | D:10     | Reached **** piety under Makhleb
  9812 | D:10     | Noticed a death yak
  9813 | D:10     | Noticed a death yak
  9815 | D:10     | Noticed a death yak
  9820 | D:10     | Killed a death yak
  9827 | D:10     | Killed a death yak
  9832 | D:10     | Killed a death yak
  9833 | D:10     | Reached skill level 10 in Fighting
  9833 | D:10     | Reached XP level 12. HP: 67/106 MP: 8/17
  9847 | D:10     | Noticed a centaur warrior
  9849 | D:10     | Found a staircase to the Lair.
  9865 | D:10     | Killed a centaur warrior
 10075 | D:10     | Noticed a five-headed hydra
 10082 | D:10     | Killed a five-headed hydra
 10280 | D:10     | Noticed a catoblepas
 10326 | D:10     | HP: 5/106 [catoblepas (2)]
 10329 | D:10     | Mangled by a catoblepas

Illustrated notes

Levels and vault maps discovered:
D:1:      eino_arrival_water_cross, layout_loops_ring, minmay_pentomino_v4
D:2:      layout_loops_ring, hellmonk_ecumenical_altar_heavens_door,
          kennysheep_boxes, uniq_natasha, uniq_terence, uniq_jessica
D:3:      layout_basic, cheibrodos_gnoll_hut, uniq_crazy_yiuf_cottage
D:4:      layout_rooms
D:5:      layout_loops_corners, minmay_temple_entry_nine_rooms,
          kennysheep_cluttered_room, uniq_ijyb
D:6:      layout_layer_cave, zin_scriptorium, serial_shops, shop_statue,
          lightli_sewer_entry_pipes, nicolae_shop_clearance
D:7:      layout_rooms, hex_intersection
D:8:      layout_rooms, lightli_corner_chamber
D:9:      nzn_winding_woodlands_three_and_one
          [nzn_winding_woodlands_5x15_default,
          nzn_winding_woodlands_5x15_garden,
          nzn_winding_woodlands_5x15_pathside_ponds,
          nzn_winding_woodlands_center_pierced_h], layout_rooms,
          evilmike_butchery, uniq_erolcha
D:10:     minmay_bloctagon_deflated, layout_basic, dpeg_lair_monsters,
          minmay_dual_archer_statues
Temple:   dpeg_three_leaves_temple

Skill      XL: |  1  2  3  4  5  6  7  8  9 10 11 12 |
---------------+-------------------------------------+-----
Fighting       | 4 5 6 7 8 10 | 10.2
Axes           | 3 4 5 6 7 |  7.2
Armour         | 4 5 6 7 8 |  8.7
Shields        | 4 5 6 7 8 |  8.0
Maces & Flails | 1 5 8 10 12 | 12.8
Dodging        | 1 |  1.2
Invocations    | 2 4 6 7 8 |  8.2
Evocations     | 1 |  1.6
Stealth        | |  0.9

Action                   |  1- 3 |  4- 6 |  7- 9 | 10-12 || total
-------------------------+-------+-------+-------+-------++-------
Melee: War axe           |   126 |   179 |    19 |       ||   324
       Broad axe         |       |       |    31 |       ||    31
       Mace              |       |       |   269 |   335 ||   604
Invok: Minor Destruction |       |       |     1 |     3 ||     4
       Lesser Servant of |       |       |       |     3 ||     3
       Major Destruction |       |       |       |     1 ||     1
 Abil: Evoke Blink       |       |       |     6 |       ||     6
  Use: Scroll            |     3 |     4 |     7 |     6 ||    20
       Potion            |       |       |       |    11 ||    11
Armor: Scale mail        |    82 |    49 |       |       ||   131
       Skin              |       |     6 |       |       ||     6
       Plate armour      |       |    91 |   213 |   258 ||   562
Dodge: Dodged            |    42 |    53 |    59 |    61 ||   215
Block: Kite shield       |    91 |    98 |   170 |   187 ||   546
